 Dungeon Crawl Stone Soup version 0.31-a0-4-gefa6de2278 (webtiles) character file.

Game seed: 8723752032307030439

31261 Anon1729 the Cleaver (level 13, -9/123 HPs)
             Began as a Minotaur Monk on May 4, 2023.
             Was a Believer of Uskayaw.
             Mangled by a molten gargoyle
             ... wielding a +0 flail
              (12 damage)
             ... on level 5 of the Lair of Beasts.
             The game lasted 00:13:07 (14579 turns).

Anon1729 the Cleaver (Minotaur Monk)               Turns: 14579, Time: 00:13:08

Health: -9/123     AC: 22    Str: 20    XL:     13   Next: 25%
Magic:  21/21      EV: 15    Int:  7    God:    Uskayaw [**....]
Gold:   798        SH:  0    Dex: 16    Spells: 12/12 levels left

rFire   . . .        Y - +0 war axe (flame)
rCold   + . .        d - orb {light}
rNeg    . . .        R - +3 chain mail of Integrity {rC+ rCorr SInv}
rPois   .            (helmet restricted)
rElec   .            n - +0 cloak
rCorr   +            h - +0 pair of gloves
SInv    +            q - +2 pair of boots
Will    .....        K - amulet of the Final Decision {RegenMP Dex+2} Stlth
                     j - +5 ring of evasion
HPRegen 0.40/turn    t - ring of resist corrosion
MPRegen 0.57/turn

%: no passive effects
@: glowing
A: horns 2, retaliatory headbutt
a: Renounce Religion, Stomp, Line Pass


You were on level 5 of the Lair of Beasts.
You worshipped Uskayaw.
Uskayaw was pleased with you.
You visited 3 branches of the dungeon, and saw 17 of its levels.
You also visited: Sewer.

You collected 1168 gold pieces.
You spent 370 gold pieces at shops.

Inventory:

Hand Weapons
 Y - a +0 war axe of flaming (weapon)
Missiles
 v - 2 curare-tipped darts (quivered)
 B - 5 throwing nets
 F - 16 poisoned darts
Armour
 d - an orb of light (worn)
 h - a +0 pair of gloves (worn)
 n - a +0 cloak (worn)
 q - a +2 pair of boots (worn)
 N - an orb of mayhem
 R - the +3 chain mail of Integrity (worn) {rC+ rCorr SInv}
   (You bought it in a shop on level 2 of the Dungeon)

   rC:        It protects you from cold.
   SInv:      It lets you see invisible.
   rCorr:     It protects you from acid and corrosion.
Jewellery
 j - a +5 ring of evasion (left hand)
 o - a ring of ice
 t - a ring of resist corrosion (right hand)
 K - the amulet of the Final Decision (around neck) {RegenMP Dex+2}
   (You found it on level 8 of the Dungeon)

   [amulet of magic regeneration]

   It increases your rate of magic regeneration.
   Dex:       It affects your dexterity (+2).
 U - a ring of flight
 Z - a ring of see invisible
Wands
 r - a wand of mindburst (12)
 G - a wand of flame (19)
 M - a wand of iceblast (15)
 Q - a wand of charming (10)
 T - a wand of polymorph (5)
Scrolls
 f - 5 scrolls of teleportation
 g - 3 scrolls of immolation
 i - 3 scrolls of amnesia
 k - 9 scrolls of enchant weapon
 s - 2 scrolls of silence
 u - 7 scrolls of fog
 y - 4 scrolls of magic mapping
 D - 3 scrolls of poison
 H - a scroll of summoning
 I - 2 scrolls of torment
 L - a scroll of brand weapon
 O - 2 scrolls of vulnerability
Potions
 c - 2 potions of ambrosia
 l - 6 potions of brilliance {unknown}
 m - 7 potions of heal wounds
 p - 3 potions of flight {unknown}
 w - 3 potions of curing
 x - 4 potions of berserk rage {unknown}
 z - 6 potions of attraction
 A - 4 potions of might
 E - 2 potions of degeneration {unknown}
 J - 2 potions of haste {unknown}
 P - 3 potions of magic {unknown}
 V - 3 potions of mutation {unknown}
 X - 2 potions of invisibility
Miscellaneous
 a - a phantom mirror


   Skills:
 + Level 13.7 Fighting
 + Level 13.8 Axes
 + Level 13.2 Armour
 - Level 3.3 Dodging
 * Level 12.3 Invocations


You had 12 spell levels left.
You didn't know any spells.
Your spell library contained the following spells:

 Spells                   Type           Power      Damage    Failure   Level
 Sting                    Tmut/Pois      0%         1d3       91%         1
 Lesser Beckoning         Tloc           0%         N/A       97%         2
 Momentum Strike          Conj/Tloc      0%         3d8       97%         2
 Poisonous Vapours        Pois/Air       0%         N/A       97%         2
 Sublimation of Blood     Necr           0%         N/A       97%         2
 Wereblood                Tmut           0%         N/A       97%         2
 Ozocubu's Armour         Ice            0%         N/A       100%        3
 Portal Projectile        Hex/Tloc       0%         N/A       100%        3
 Stone Arrow              Conj/Erth      0%         3d7       100%        3
 Tukima's Dance           Hex            0%         N/A       100%        3
 Animate Armour           Summ/Erth      0%         N/A       100%        4
 Iskenderun's Mystic Bla  Conj/Tloc      0%         2d3       100%        4
 Olgreb's Toxic Radiance  Pois           0%         N/A       100%        4
 Blade Hands              Tmut           0%         N/A       100%        5
 Lee's Rapid Deconstruct  Erth           0%         3d4*      100%        5
 Iron Shot                Conj/Erth      0%         9d1       100%        6
 Malign Gateway           Summ/Tloc      0%         N/A       100%        7
 Ozocubu's Refrigeration  Ice            0%         4d7       100%        7
 Summon Hydra             Summ           0%         N/A       100%        7
 Lehudib's Crystal Spear  Conj/Erth      0%         10d2      100%        8


Dungeon Overview and Level Annotations

Branches:
Dungeon (11/15)            Temple (1/1) D:7            Lair (5/5) D:10
 Shoals (0/4) Lair:3        Slime (0/5) Lair:4          Orc (0/2) D:10
  Sewer (visited)
  Snake: Lair:2-3    Spider: Lair:2-3

Altars:
Ashenzari
Cheibriados
Dithmenos
Elyvilon
Fedhas
Gozag
Hepliaklqana
Kikubaaqudgha
Makhleb
Nemelex Xobeh
Okawaru
Qazlal
Ru
Sif Muna
Trog
Uskayaw
Vehumet
Wu Jian
Xom
Zin
The Shining One
Jiyva

Shops:
D:2 *   D:3 (   D:5 [[(**

Annotations:
D:4 1 runed translucent door, Rye's ghost, amateur HuRe
Lair:4 3 runed translucent doors, Sume's ghost, journeyman OgEE


Innate Abilities, Weirdness & Mutations

You have a pair of horns on your head.
You reflexively headbutt those who attack you in melee.


Message History

No target in view!
No target in view!
No target in view!
A molten gargoyle comes into view. It is wielding a +0 flail.
A molten gargoyle is nearby!
A molten gargoyle is nearby!
A black mamba, a hell hound, a lindwurm and a molten gargoyle come into view.
The black mamba hisses angrily.
The hell hound barks!
The lindwurm roars!
You hear an angry hiss.
A hell hound comes into view.
The black mamba moves out of view.
The lindwurm breathes flames at you. The blast of flame hits you!!
The molten gargoyle blasts magma at you!
The bolt of magma hits the molten gargoyle!
The molten gargoyle partially resists.
The bolt of magma hits you!
The molten gargoyle blasts magma at you!
The bolt of magma hits you!!
A komodo dragon comes into view.
The lindwurm breathes flames at you. The blast of flame hits you!!
The molten gargoyle blasts magma at you!
The bolt of magma hits the molten gargoyle.
The molten gargoyle partially resists.
The bolt of magma hits you!!
* * * LOW HITPOINT WARNING * * *
The molten gargoyle hits you with a +0 flail.
* * * LOW HITPOINT WARNING * * *
You are engulfed in flames!
* * * LOW HITPOINT WARNING * * *
You are too injured to fight recklessly!
You are too injured to fight recklessly!
As you read the scroll of fear, it crumbles to dust.
You assume a fearsome visage.
The komodo dragon hisses angrily.
The komodo dragon resists with almost no effort.
The hell hound looks frightened!
The black mamba looks frightened!
The hell hound looks frightened!
The lindwurm looks frightened!
The molten gargoyle is unaffected. x2
The molten gargoyle hits you with a +0 flail!
You die...

##........ .§≈. .
.....####....... #§≈
..##k≈≈#. l......
#......) #§≈#
..#§§§≈##h.....
###..... .#≈#
.#§≈§§..h...# ##....
.≈≈# #§#.......#
#######.#. §≈§#
#≈#......##
#.##.##).. #≈≈##
##≈##......#
#...#.....
#≈≈≈######≈≈§...@99#
#.........
.#≈≈≈§≈≈≈§≈≈..##.8#.#
##P......#
....§§§≈§§##..≈§§##
##.....P#
....§§§≈≈..#.#§§§#
##......##
............##§§≈≈#
##......##
§≈[.......§§≈≈≈≈#≈≈≈
#......P#
§≈≈≈....§≈≈≈§#####≈§#
###....##
##§≈≈..§§§§≈## #≈≈
#....# §§≈§§≈≈§#8##
## #...##


You could see a lindwurm (fleeing), a komodo dragon, 2 molten gargoyles and 2
hell hounds.

Vanquished Creatures
  3 hydras
  A catoblepas (Lair:3)
  A boulder beetle (D:11)
  8 death yaks
  4 skysharks
  A black mamba (Lair:3)
  2 torpor snails
  A molten gargoyle (Lair:5)
  8 cane toads
  Maggie (D:10)
  10 komodo dragons
  A rime drake (Lair:4)
  4 polar bears
  3 trolls
  A wind drake (Lair:3)
  3 hornets
  5 dream sheep (Lair:4)
  4 slime creatures (D:9)
  A shadow (D:11)
  3 wyverns
  25 yaks
  6 basilisks (Lair:5)
  5 vampire mosquitoes
  Grum (Lair:1)
  2 steam dragons (Lair:5)
  A hell hound (Lair:5)
  An acid dragon (D:11)
  7 water moccasins
  An ice beast (D:6)
  2 orc warriors
  3 wolves (Lair:1)
  3 black bears
  2 ogres
  3 phantoms
  4 centaurs
  A kobold brigand (D:10)
  9 bullfrogs
  2 scorpions
  7 wights
  4 killer bees (D:10)
  6 howler monkeys
  2 hounds
  A gnoll bouda (D:10)
  5 jellies
  3 orc priests
  A sleepcap (D:4)
  3 iguanas
  9 orc wizards
  9 adders
  3 gnolls (D:10)
  2 river rats (Sewer)
  A shadow imp (D:7)
  3 white imps
  2 ufetubi (D:5)
  2 worms
  5 dart slugs
  19 orcs
  3 bats (D:2)
  7 endoplasms
  5 giant cockroaches (D:3)
  8 goblins
  6 hobgoblins
  2 jackals (D:2)
  13 kobolds
  4 quokkas
  12 ball pythons
  9 frilled lizards
  9 rats
308 creatures vanquished.

Vanquished Creatures (others)
  A manticore (Lair:3)
  A human (D:5)
  7 fungi
  8 plants
17 creatures vanquished.

Grand Total: 325 creatures vanquished

Notes
Turn   | Place    | Note
-------+----------+-------------------------------------------
     0 | D:1      | Anon1729 the Minotaur Monk began the quest for the Orb.
     0 | D:1      | Reached XP level 1. HP: 19/19 MP: 0/0
   115 | D:1      | Reached XP level 2. HP: 27/27 MP: 1/1
   148 | D:1      | Reached skill level 1 in Armour
   641 | D:2      | Reached XP level 3. HP: 24/33 MP: 2/2
   695 | D:2      | Found Viontewn's Assorted Antiques.
   703 | D:2      | Bought a yellow potion for 17 gold pieces
   703 | D:2      | Bought a sapphire potion for 17 gold pieces
   949 | D:2      | Found a snail-covered altar of Cheibriados.
  1329 | D:3      | Found Odeps's Antique Weapon Emporium.
  1349 | D:3      | Found a glowing golden altar of the Shining One.
  1486 | D:3      | Found a glowing drain.
  1498 | Sewer    | Entered a sewer
  1509 | Sewer    | Reached XP level 4. HP: 30/41 MP: 3/3
  2446 | D:4      | Found a runed translucent door.
  2459 | D:4      | Found a blossoming altar of Fedhas.
  2471 | D:4      | Reached skill level 5 in Fighting
  2471 | D:4      | Reached skill level 5 in Axes
  2471 | D:4      | Reached XP level 5. HP: 39/48 MP: 4/4
  2921 | D:4      | Noticed a phantom
  2929 | D:4      | Killed a phantom
  2930 | D:4      | Reached XP level 6. HP: 57/57 MP: 5/5
  3104 | D:4      | Found a hazy altar of Hepliaklqana.
  3327 | D:4      | Noticed Rye's ghost (amateur HuRe)
  3365 | D:5      | Entered Level 5 of the Dungeon
  3451 | D:5      | Found an ancient bone altar of Kikubaaqudgha.
  3455 | D:5      | Noticed a human
  3458 | D:5      | Killed a human
  3475 | D:5      | Found a shadowy altar of Dithmenos.
  3570 | D:5      | Found Laropsam's Antique Armour Shoppe.
  3571 | D:5      | Found Feribub's Antique Armour Shoppe.
  3571 | D:5      | Found Netat's General Store.
  3574 | D:5      | Found Rekkihoe's Antique Weapon Shoppe.
  3580 | D:5      | Bought a scroll of identify for 26 gold pieces
  3662 | D:5      | Reached XP level 7. HP: 62/63 MP: 6/6
  3697 | D:5      | Found Byuqekuu's General Store.
  3700 | D:5      | Bought 2 potions of heal wounds for 130 gold pieces
  3763 | D:5      | Reached skill level 5 in Armour
  4071 | D:6      | Reached XP level 8. HP: 50/73 MP: 7/7
  4167 | D:6      | Found a radiant altar of Vehumet.
  4168 | D:6      | Found a bloodstained altar of Trog.
  4905 | D:2      | Bought a slimy chain mail for 180 gold pieces
  4905 | D:2      | Identified the +3 chain mail of Integrity {rC+ rCorr SInv}
                  | (You bought it in a shop on level 2 of the Dungeon)
  5088 | D:7      | Found a sparkling altar of Nemelex Xobeh.
  5187 | D:7      | Reached XP level 9. HP: 81/82 MP: 8/8
  5663 | D:7      | Found a staircase to the Ecumenical Temple.
  5672 | Temple   | Entered the Ecumenical Temple
  5812 | Temple   | Became a worshipper of Uskayaw the Reveller
  5812 | Temple   | Reached * piety under Uskayaw
  5864 | D:8      | Identified the amulet of the Final Decision {RegenMP Dex+2}
  5892 | D:8      | Reached ** piety under Uskayaw
  5893 | D:8      | Reached skill level 1 in Invocations
  5899 | D:8      | Reached *** piety under Uskayaw
  6124 | D:8      | Reached **** piety under Uskayaw
  6258 | D:8      | Found an opulent altar of Gozag.
  6803 | D:9      | Reached skill level 10 in Fighting
  6803 | D:9      | Reached skill level 10 in Axes
  6967 | D:9      | Found a sacrificial altar of Ru.
  7027 | D:9      | Found a white marble altar of Elyvilon.
  7101 | D:9      | Reached XP level 10. HP: 84/93 MP: 12/12
  7164 | D:9      | Got the Precepts of the Traveller
  7262 | D:9      | Got Nisei's Anthology of Talus
  7504 | D:10     | Entered Level 10 of the Dungeon
  7504 | D:10     | Noticed Maggie
  7504 | D:10     | Found a staircase to the Orcish Mines.
  7518 | D:10     | Killed Maggie
  7519 | D:10     | Reached skill level 5 in Invocations
  7519 | D:10     | Reached ***** piety under Uskayaw
  8004 | D:10     | Found a shimmering blue altar of Sif Muna.
  8049 | D:10     | Found a staircase to the Lair.
  8170 | D:10     | Noticed a fire dragon
  8247 | D:11     | Reached skill level 10 in Armour
  8581 | D:11     | Noticed a boulder beetle
  8623 | D:11     | Killed a boulder beetle
  8624 | D:11     | Reached XP level 11. HP: 37/102 MP: 15/15
  9186 | D:10     | Found a burning altar of Makhleb.
  9256 | Lair:1   | Entered Level 1 of the Lair of Beasts
  9385 | Lair:1   | Noticed a death yak
  9400 | Lair:1   | Killed a death yak
  9443 | Lair:1   | Noticed a death yak
  9452 | Lair:1   | Killed a death yak
 10013 | Lair:1   | Noticed Grum
 10026 | Lair:1   | Killed Grum
 10802 | Lair:2   | You fall into a shaft and drop 2 floors!
 10899 | Lair:4   | Found a runed translucent gate.
 10899 | Lair:4   | Found a runed translucent gate.
 10899 | Lair:4   | Found a runed translucent gate.
 10931 | Lair:4   | Reached ****** piety under Uskayaw
 10945 | Lair:4   | Reached XP level 12. HP: 61/112 MP: 18/18
 11241 | Lair:4   | Reached skill level 10 in Invocations
 11776 | Lair:3   | Noticed a catoblepas
 11789 | Lair:3   | Killed a catoblepas
 11840 | Lair:3   | Found a staircase to the Shoals.
 12030 | Lair:3   | Noticed a death yak
 12031 | Lair:3   | Noticed a death yak
 12031 | Lair:3   | Noticed a death yak
 12048 | Lair:3   | Noticed a death yak
 12049 | Lair:3   | Noticed a death yak
 12049 | Lair:3   | Noticed a death yak
 12052 | Lair:3   | Killed a death yak
 12057 | Lair:3   | Killed a death yak
 12057 | Lair:3   | Killed a death yak
 12059 | Lair:3   | Killed a death yak
 12061 | Lair:3   | Killed a death yak
 12070 | Lair:3   | Killed a death yak
 12547 | Lair:3   | Noticed a five-headed hydra
 12562 | Lair:3   | Killed a one-headed hydra
 13227 | Lair:4   | Found a staircase to the Slime Pits.
 13227 | Lair:4   | Found a viscous altar of Jiyva.
 13392 | Lair:4   | Reached XP level 13. HP: 122/122 MP: 20/20
 13707 | Lair:4   | Noticed Sume's ghost (journeyman OgEE)
 13846 | Lair:5   | Entered Level 5 of the Lair of Beasts
 13902 | Lair:5   | Identified the +3 rapier "Wufynis" {heavy, rN+ Int+3 Dex-4}
 14318 | Lair:5   | HP: 4/123 [komodo dragon (17)]
 14578 | Lair:5   | HP: 3/123 [molten gargoyle/+0 flail (13)]
 14579 | Lair:5   | Mangled by a molten gargoyle

Illustrated notes

Levels and vault maps discovered:
D:1:      shiori_arrival_elements, layout_rooms
D:2:      layout_loops_ring, serial_shops, shop, basic_altar,
          grunt_decor_junction, minmay_crystal_room
D:3:      layout_loops_ring, amcnicky_altar_gilded, serial_shops, shop,
          gup_sewer_entry_bubbles
D:4:      layout_loops_ring, nicolae_hepliaklqana_hippocampus,
          mainiacjoe_overflow_boulevard, ebering_ghost_reflecting_pool
D:5:      layout_rooms, tgw_kikubaaqudgha, grunt_dithmenos_smoke, serial_shops,
          nicolae_shop_real_fake_doors, grunt_decor_arrowhead,
          nrook_pool_corridor, minmay_shop_grid_forest
D:6:      minmay_inner_zag, layout_rooms, nicolae_overflow_hidden_temple,
          minivault_19
D:7:      layout_rooms, nemelex_dance_club_becter, minmay_temple_entry_poolview
D:8:      layout_basic, mainiacjoe_overflow_brackets, corexii_hall_statues_l
D:9:      layout_loops_ring, nicolae_elyvilon_peaceful_grove,
          nicolae_ru_the_path_less_chosen
D:10:     dragon1_lemuel, layout_loops_ring, mainiacjoe_overflow_alcove_1,
          mainiacjoe_overflow_paths, lair_entry_dummy, eino_jars, uniq_maggie
D:11:     layout_irregular_city, hangedman_decor_opposing
Temple:   nicolae_temple_godpark
Lair:1:   layout_regular_city, uniq_grum
Lair:2:   layout_regular_city, guppyfry_snake_entry_garden, beast_lair_carwin_6
Lair:3:   layout_gridlike, minmay_shoals_entry_beasts
Lair:4:   layout_regular_city, slime_entry_1, ebering_ghost_rock_garden,
          grunt_megastairs_1
Lair:5:   cheibrodos_lair_end_hotspot, layout_cave_pods,
          kennysheep_basilisk_garden, uniq_snorg

Skill      XL: |  1  2  3  4  5  6  7  8  9 10 11 12 13 |
---------------+----------------------------------------+-----
Armour         | 1 2 3 4 6 8 9 10 11 12 13 | 13.2
Fighting       | 4 5 6 7 8 10 11 12 13 | 13.7
Axes           | 4 5 6 7 9 10 11 12 13 | 13.8
Invocations    | 4 7 9 11 12 | 12.3
Dodging        | |  3.3

Action                     |  1- 3 |  4- 6 |  7- 9 | 10-12 | 13-15 || total
---------------------------+-------+-------+-------+-------+-------++-------
  Melee: Hand axe          |    91 |   123 |   229 |   176 |       ||   619
         Headbutt          |    16 |    26 |    57 |   164 |    22 ||   285
         War axe           |       |       |       |   296 |    59 ||   355
  Throw: Dart              |       |       |     2 |     2 |       ||     4
         Throwing net      |       |       |       |     1 |       ||     1
 Invoke: Line Pass         |       |       |       |     1 |       ||     1
         Grand Finale      |       |       |       |       |     1 ||     1
  Evoke: Wand              |       |       |       |     2 |       ||     2
    Use: Scroll            |       |     1 |     6 |     8 |     1 ||    16
         Potion            |       |       |       |     1 |     2 ||     3
   Stab: Paralysed         |       |       |    10 |    71 |    17 ||    98
 Armour: Plate armour      |    44 |    53 |    63 |       |       ||   160
         Chain mail        |       |       |    55 |   220 |    36 ||   311
  Dodge: Dodged            |    42 |    72 |   152 |   304 |    43 ||   613

Table legend: (Time is in decaauts)
 A = Elapsed time spent in this place.
 B = Non-inter-level travel time spent in this place.
 C = Inter-level travel time spent in this place.
 D = Time resting spent in this place.
 E = Time spent auto-exploring this place.
 F = Levels seen in this place.
 G = Mean time per level.
                   A        B        C        D        E       F      G
               +--------+--------+--------+--------+--------+-----+--------+
         Total |  14576 |  13930 |    646 |    685 |  11206 |  18 |  809.8 |
       Dungeon |   8747 |   8267 |    480 |    418 |   6513 |  11 |  795.2 |
        Temple |    163 |    141 |     22 |      0 |    130 |   1 |  163.0 |
          Lair |   5283 |   5140 |    143 |    228 |   4289 |   5 | 1056.6 |
         Sewer |    382 |    382 |      0 |     39 |    273 |   1 |  382.0 |
               +--------+--------+--------+--------+--------+-----+--------+

Top non-repeatable levels by time:
  Lair:3: 1660 daAuts
  Lair:4: 1359 daAuts
     D:4: 1084 daAuts
  Lair:1: 1035 daAuts
    D:11: 954 daAuts
     D:9: 859 daAuts
     D:6: 841 daAuts
     D:3: 822 daAuts
     D:8: 764 daAuts
    D:10: 760 daAuts
     D:2: 741 daAuts
  Lair:5: 723 daAuts
     D:7: 708 daAuts
     D:5: 660 daAuts
     D:1: 549 daAuts
